 Dungeon Crawl Stone Soup version 0.27-a0-836-gfc908b8576 (webtiles) character file.

Game seed: 6579950946650028195

169 Aviak the Insei (level 5, 0/39 HPs)
             Began as a Djinni Transmuter on Mar 31, 2021.
             Slain by a gnoll
             ... wielding a +5 flail
              (3 damage)
             ... on level 3 of the Dungeon.
             The game lasted 00:04:08 (4111 turns).

Aviak the Insei (Djinni Transmuter)                 Turns: 4111, Time: 00:04:08

Health: 0/39       AC:  3    Str:  9    XL:     5   Next: 50%
Gold:   103        EV: 12    Int: 15    God:
                   SH:  0    Dex: 14

rFire    + + +     SeeInvis .   g - staff of poison {rPois}
rCold    x . .     Faith    .   (no shield)
rNeg     . . .     Spirit   .   b - +0 leather armour
rPois    ∞         Reflect  .   (no helmet)
rElec    .         Harm     .   (no cloak)
rCorr    .         Rampage  .   (no gloves)
Will     .....                  (boots unavailable)
Stlth    +.........             (no amulet)
HPRegen  0.13/turn              F - ring of protection from fire
MPRegen  0.00/turn              (no ring)

@: about to teleport, wereblooded, flying, very slightly contaminated
A: fire resistance 2, cold vulnerability 1, float, innate caster, hp casting,
extra vitality 1
a: no special abilities


You were on level 3 of the Dungeon.
You visited 1 branch of the dungeon, and saw 3 of its levels.

You collected 103 gold pieces.

Inventory:

Armour
 a - a +0 robe
 b - a +0 leather armour (worn)
Magical Staves
 g - a staff of poison (weapon) {rPois}
Jewellery
 F - a ring of protection from fire (left hand)
Wands
 c - a wand of paralysis (9)
Scrolls
 e - 2 scrolls of noise {!r!r}
 h - a scroll of amnesia {unknown}
 i - a scroll of identify
Potions
 d - a potion of degeneration {unknown}


   Skills:
 + Level 2.5 Fighting
 + Level 3.6 Dodging
 + Level 3.9 Unarmed Combat
 + Level 2.7 Spellcasting


You couldn't memorise any spells.
You knew the following spells:

 Your Spells              Type           Power      Damage    Failure   Level
a - Beastly Appendage     Tmut           20%        N/A       10%         1
b - Wereblood             Tmut           10%        N/A       14%         2
c - Spider Form           Tmut/Pois      7%         N/A       28%         3
d - Ice Form              Ice/Tmut       10%        N/A       67%         4
e - Hydra Form            Tmut           5%         N/A       95%         5
f - Freeze                Ice            40%        1d6       10%         1
g - Swiftness             Air            10%        N/A       14%         2
Your spell library was empty.

Dungeon Overview and Level Annotations

Branches:
Dungeon (3/15)

Altars:
Dithmenos
Nemelex Xobeh

Shops:
D:2 =   D:3 *

Annotations:
D:3 Sigmund


Innate Abilities, Weirdness & Mutations

You are immune to poison.
Your flesh is very heat resistant. (rF++)
You are vulnerable to cold. (rC-)
You float through the air rather than walking.
You learn spells naturally, not from books.
Your magical power is your life essence.
You have superior vitality. (+4 HP)


Message History

The frilled lizard bites you but does no damage.
You hit the frilled lizard.
You kill the frilled lizard!
Your transformation is almost over.
Your transformation has ended.
Your staff of poison {rPois} unmelds from your body.
Your +0 leather armour unmelds from your body.
No target in view!
A gnoll comes into view. It is wielding a +5 flail.
Sigmund the Dreaded comes into view.
He is wielding a +0 scythe.
Sigmund shouts!
Sigmund casts a spell at you. You resist with some effort.
The gnoll barely misses you.
There are monsters nearby!
There are monsters nearby!
Casting: Spider Form (quite dangerous; 28% risk of failure)
Confirm with . or Enter, or press ? or * to list all spells.
Your blood is infused with primal strength.
The gnoll hits you with a +5 flail!
Casting: Wereblood (safe; 14% risk of failure)
Confirm with . or Enter, or press ? or * to list all spells.
The spell is quite dangerous to cast (28% risk of failure)!
Continue anyway?
You feel a surge of power!
You miscast Spider Form.
You are very lightly contaminated with residual magic.
Nothing appears to happen.
The gnoll hits you with a +5 flail!
* * * LOW HITPOINT WARNING * * *
Unknown command.
Unknown command.
Okay, then.
Okay, then.
As you read the scroll labelled GYTOSA DIETYOST, it crumbles to dust.
It is a scroll of identify.
e - 2 scrolls of noise;
i - a scroll of identify
f - a scroll labelled ITORIF CYLYACI The gnoll hits you with a +5 flail!
* * * LOW HITPOINT WARNING * * *
As you read the scroll labelled ITORIF CYLYACI, it crumbles to dust.
You feel strangely unstable.
It was a scroll of teleportation.
The gnoll hits you with a +5 flail.
You die...

#. ###. ########## #.).
.........# #.#.
########.# #.#. #.##
###.#. ####### ######..#
#<#.#.
.......##.....#.####.#.##
.....@.g@................
.......##.....##)###.#.##
....... #.....##†###.#...
####### #.....##..##.###.
#.....###.##..... #(....#
#..###### #######
##.##...^ #..#....
##.#....


You could see Sigmund and a gnoll.

Vanquished Creatures
  Terence (D:3)
  Ijyb (D:3)
  An adder (D:3)
  2 gnolls (D:3)
  3 dart slugs (D:2)
  6 endoplasms
  3 giant cockroaches
  14 hobgoblins
  20 jackals
  A quokka (D:1)
  A ball python (D:2)
  3 frilled lizards
  7 goblins
  5 kobolds
  2 rats
70 creatures vanquished.

Notes
Turn   | Place    | Note
-------+----------+-------------------------------------------
     0 | D:1      | Aviak the Djinni Transmuter began the quest for the Orb.
     0 | D:1      | Reached XP level 1. HP: 17/17 MP: 0/0
   502 | D:1      | Reached XP level 2. HP: 20/22 MP: 0/0
  1647 | D:2      | Reached XP level 3. HP: 19/27 MP: 0/0
  1647 | D:2      | Learned a level 1 spell: Freeze
  2027 | D:2      | Found a shadowy altar of Dithmenos.
  2351 | D:2      | Found Daesmof's Jewellery Emporium.
  2737 | D:2      | Found a sparkling altar of Nemelex Xobeh.
  2785 | D:2      | Reached XP level 4. HP: 17/33 MP: 0/0
  3295 | D:3      | Found Lumoje's Assorted Antiques.
  3349 | D:3      | Noticed Terence
  3349 | D:3      | Noticed Ijyb
  3360 | D:3      | Killed Terence
  3361 | D:3      | Paralysed by Ijyb for 6 turns
  3377 | D:3      | Killed Ijyb
  3378 | D:3      | Reached XP level 5. HP: 31/38 MP: 0/0
  3378 | D:3      | Learned a level 2 spell: Swiftness
  4106 | D:3      | Noticed Sigmund
  4111 | D:3      | Slain by a gnoll

Illustrated notes

Levels and vault maps discovered:
D:1:      heliophobic_arrival_ceremonial_halls, layout_loops_ring
D:2:      layout_loops_ring, nicolae_overflow_hidden_temple, serial_shops,
          nicolae_shop_temple_entry_statues_fountains,
          grunt_dithmenos_smoke_and_mirrors
D:3:      layout_basic, serial_shops, shop, nrook_uturn, minmay_goblin_outpost,
          uniq_terence, uniq_ijyb, uniq_sigmund

Skill      XL: |  1  2  3  4 |
---------------+-------------+-----
Spellcasting   | 2 |  2.7
Dodging        | 3 |  3.6
Fighting       | 2 |  2.5
Unarmed Combat | |  3.9

Action                   |  1- 3 |  4- 6 || total
-------------------------+-------+-------++-------
Melee: Unarmed           |   176 |    79 ||   255
       Headbutt          |    18 |       ||    18
       Punch             |     2 |       ||     2
 Cast: Beastly Appendage |    20 |     1 ||    21
       Spider Form       |     2 |    10 ||    12
       Wereblood         |     1 |     2 ||     3
  Use: Potion            |       |     3 ||     3
       Scroll            |       |     2 ||     2
Armor: Robe              |     9 |       ||     9
       Leather armour    |    22 |     1 ||    23
       Skin              |       |     3 ||     3
Dodge: Dodged            |   113 |    69 ||   182

Table legend: (Time is in decaauts)
 A = Elapsed time spent in this place.
 B = Non-inter-level travel time spent in this place.
 C = Inter-level travel time spent in this place.
 D = Time resting spent in this place.
 E = Time spent auto-exploring this place.
 F = Levels seen in this place.
 G = Mean time per level.
                   A        B        C        D        E       F      G
               +--------+--------+--------+--------+--------+-----+--------+
         Total |   4093 |   4065 |     28 |    102 |   3439 |   3 | 1364.3 |
       Dungeon |   4093 |   4065 |     28 |    102 |   3439 |   3 | 1364.3 |
               +--------+--------+--------+--------+--------+-----+--------+

Top non-repeatable levels by time:
     D:2: 1658 daAuts
     D:1: 1539 daAuts
     D:3: 895 daAuts
